AAA
FORT WAYNE HERONS @ NEW YORK COMETS
08/07/2059
 
TOP OF THE 1ST
Fort Wayne Herons batting - Pitching for New York Comets : RHP Ron Rogers
Pitching: RHP Ron Rogers
Batting: LHB Ethan DeBoer 0-0: Ball
1-0: Ball
2-0: Ball
3-0: Called Strike
3-1: Base on Balls
Batting: RHB Cristian Osborne 0-0: Ball
1-0: Called Strike
1-1: Ball
2-1: Ball
3-1: Swinging Strike
3-2: Strikes out swinging
Batting: LHB Ozzie Huang 0-0: DOUBLE (Groundball, 3L, EV 102.5 MPH)
Ethan DeBoer to third
Runner from 3rd tries for Home, SAFE, no throw by RF
Batting: SHB Neal Constantinescu 0-0: Ball
Wild Pitch!
Ozzie Huang to third
1-0: Called Strike
1-1: Foul Ball, location: 2F
1-2: Ball
2-2: Strikes out swinging
Batting: RHB Shawn Gunn 0-0: DOUBLE (Line Drive, 9LM, EV 112.5 MPH)
Ozzie Huang scores
Batting: RHB Richard Crutchfield 0-0: SINGLE (Groundball, 56S, EV 98.8 MPH)
Shawn Gunn to third
Throwing error, E7
Shawn Gunn scores
Richard Crutchfield to second
Batting: RHB Nelson Lutsky 0-0: Ball
1-0: SINGLE (Line Drive, 6D, EV 95.6 MPH)
Richard Crutchfield to third
Batting: RHB Mackey Tapia 0-0: Ball
1-0: DOUBLE (Line Drive, 8LXD, EV 107.5 MPH)
Richard Crutchfield scores
Nelson Lutsky to third
Batting: SHB Dave Mrkvicka 0-0: Foul Ball, location: 2F
0-1: Foul Ball, location: 2F
0-2: Ball
1-2: Ball
2-2: Ground out U3 (Groundball, 3, EV 101.2 MPH)
Top of the 1st over - 4 runs, 5 hits, 1 error, 2 left on base; Fort Wayne 4 - New York 0
BOTTOM OF THE 1ST
New York Comets batting - Pitching for Fort Wayne Herons : LHP Riley Geerdes
Pitching: LHP Riley Geerdes
Batting: RHB Victor Day 0-0: SINGLE (Line Drive, 9LS, EV 85.6 MPH)
Batting: RHB William Adkins 0-0: Called Strike
Victor Day is caught stealing 2nd base 2-4
0-1: Ground out 4-3 (Groundball, 4, EV 82.5 MPH)
Batting: SHB Drake Stock 0-0: Ground out 5-3 (Groundball, 56, EV 104.4 MPH)
Bottom of the 1st over - 0 runs, 1 hit, 0 errors, 0 left on base; Fort Wayne 4 - New York 0
TOP OF THE 2ND
Fort Wayne Herons batting - Pitching for New York Comets : RHP Ron Rogers
Batting: LHB Ethan DeBoer 0-0: Ball
1-0: Called Strike
1-1: Foul Ball, location: 2F
1-2: Strikes out swinging
Batting: RHB Cristian Osborne 0-0: Called Strike
0-1: DOUBLE (Line Drive, 9LM, EV 107.5 MPH)
Batting: LHB Ozzie Huang 0-0: Ball
1-0: SINGLE (Line Drive, 4D, EV 102.5 MPH)
Cristian Osborne to third
Batting: SHB Neal Constantinescu 0-0: Ball
1-0: Swinging Strike
1-1: Ball
2-1: Called Strike
2-2: Ball
3-2: Strikes out swinging
Batting: RHB Shawn Gunn 0-0: Ball
1-0: Called Strike
1-1: Fielders Choice at 2nd, 6-4 (Groundball, 6, EV 85.6 MPH)
Top of the 2nd over - 0 runs, 2 hits, 0 errors, 2 left on base; Fort Wayne 4 - New York 0
BOTTOM OF THE 2ND
New York Comets batting - Pitching for Fort Wayne Herons : LHP Riley Geerdes
Batting: RHB Bryan Steed 0-0: Ball
1-0: Ball
2-0: Called Strike
2-1: Ball
3-1: Foul Ball, location: 2F
3-2: Foul Ball, location: 2F
3-2: Base on Balls
Batting: LHB Devan Clark 0-0: Ball
1-0: Ball
2-0: Ball
3-0: Base on Balls
Bryan Steed to second
Batting: RHB Mason Douglass 0-0: Foul Ball, location: 2F
0-1: Called Strike
0-2: Ball
1-2: Strikes out looking
Batting: RHB William Spence 0-0: Ball
1-0: Foul Ball, location: 2F
1-1: Foul Ball, location: 2F
1-2: Ball
2-2: Ball
3-2: Fly out, F7 (Flyball, 7, EV 95.6 MPH)
Batting: LHB Morgan Buga 0-0: Foul Ball, location: 2F
0-1: Ball
1-1: Ball
2-1: Ball
3-1: Base on Balls
Bryan Steed to third
Devan Clark to second
Batting: RHB Lucas Elizalde 0-0: Ball
1-0: Reached via error on a dropped throw from 2B, E3 (Groundball, 4, EV 81.2 MPH)
Bryan Steed scores
Devan Clark to third
Morgan Buga to second
Batting: RHB Victor Day 0-0: Ball
1-0: Called Strike
1-1: Ground out 3-1 (Groundball, 34, EV 80.6 MPH)
Bottom of the 2nd over - 1 run, 0 hits, 1 error, 3 left on base; Fort Wayne 4 - New York 1
TOP OF THE 3RD
Fort Wayne Herons batting - Pitching for New York Comets : RHP Ron Rogers
Batting: RHB Richard Crutchfield 0-0: Called Strike
0-1: Ground out 6-3 (Groundball, 6M, EV 110.6 MPH)
Batting: RHB Nelson Lutsky 0-0: Called Strike
0-1: Ball
1-1: Ball
2-1: Ball
3-1: Ground out 6-3 (Groundball, 6MD, EV 88.1 MPH)
Batting: RHB Mackey Tapia 0-0: Ball
1-0: Called Strike
1-1: Foul Ball, location: 2F
1-2: Foul Ball, location: 2F
1-2: Ground out U3 (Groundball, 3L, EV 90.6 MPH)
Top of the 3rd over - 0 runs, 0 hits, 0 errors, 0 left on base; Fort Wayne 4 - New York 1
BOTTOM OF THE 3RD
New York Comets batting - Pitching for Fort Wayne Herons : LHP Riley Geerdes
Batting: RHB William Adkins 0-0: Called Strike
0-1: Foul Ball, location: 2F
0-2: Ball
1-2: Foul Ball, location: 2F
1-2: Fly out, F9 (Flyball, 89M, EV 88.1 MPH)
Batting: SHB Drake Stock 0-0: Ball
1-0: Called Strike
1-1: Foul Ball, location: 2F
1-2: Foul Ball, location: 2F
1-2: Foul Ball, location: 2F
1-2: Ball
2-2: Strikes out looking and he ARGUES THE CALL AND IS TOSSED!
Batting: RHB Bryan Steed 0-0: Foul Ball, location: 2F
0-1: Called Strike
0-2: Ball
1-2: Foul Ball, location: 2F
1-2: Ball
2-2: Strikes out looking
Bottom of the 3rd over - 0 runs, 0 hits, 0 errors, 0 left on base; Fort Wayne 4 - New York 1
TOP OF THE 4TH
Fort Wayne Herons batting - Pitching for New York Comets : RHP Ron Rogers
Now in CF: Jay Vurgun
Batting: SHB Dave Mrkvicka 0-0: Fly out, F7 (Flyball, 7LM, EV 78.8 MPH)
Batting: LHB Ethan DeBoer 0-0: Called Strike
0-1: Ball
1-1: Ground out 4-3 (Groundball, 4, EV 103.8 MPH)
Batting: RHB Cristian Osborne 0-0: Ball
1-0: Ball
2-0: Foul Ball, location: 2F
2-1: Fly out, F7 (Flyball, 7, EV 88.1 MPH)
Top of the 4th over - 0 runs, 0 hits, 0 errors, 0 left on base; Fort Wayne 4 - New York 1
BOTTOM OF THE 4TH
New York Comets batting - Pitching for Fort Wayne Herons : LHP Riley Geerdes
Batting: LHB Devan Clark 0-0: Called Strike
0-1: Ball
1-1: Fly out, F7 (Flyball, 78M, EV 90.0 MPH)
Batting: RHB Mason Douglass 0-0: Called Strike
0-1: Foul Ball, location: 2F
0-2: Ground out 6-3 (Groundball, 6MD, EV 80.6 MPH)
Batting: RHB William Spence 0-0: Called Strike
0-1: Foul Ball, location: 2F
0-2: DOUBLE (Line Drive, 9LD, EV 104.4 MPH)
Batting: LHB Morgan Buga 0-0: Called Strike
0-1: Swinging Strike
0-2: Strikes out swinging
Bottom of the 4th over - 0 runs, 1 hit, 0 errors, 1 left on base; Fort Wayne 4 - New York 1
TOP OF THE 5TH
Fort Wayne Herons batting - Pitching for New York Comets : RHP Ron Rogers
Batting: LHB Ozzie Huang 0-0: Called Strike
0-1: Foul Ball, location: 2F
0-2: Ball
1-2: Ball
2-2: SINGLE (Line Drive, 8LS, EV 101.2 MPH)
Batting: SHB Neal Constantinescu 0-0: Swinging Strike
0-1: Swinging Strike
0-2: Strikes out swinging
Batting: RHB Shawn Gunn 0-0: Ball
1-0: Foul Ball, location: 2F
1-1: Fly out, F7 (Line Drive, 7S, EV 98.1 MPH)
Batting: RHB Richard Crutchfield 0-0: Ball
1-0: Called Strike
1-1: Called Strike
1-2: Ball
2-2: Fielders Choice at 2nd, 6-4 (Groundball, 6, EV 80.6 MPH)
Top of the 5th over - 0 runs, 1 hit, 0 errors, 1 left on base; Fort Wayne 4 - New York 1
BOTTOM OF THE 5TH
New York Comets batting - Pitching for Fort Wayne Herons : LHP Riley Geerdes
Batting: RHB Lucas Elizalde 0-0: Swinging Strike
0-1: Ball
1-1: Swinging Strike
1-2: Ball
2-2: Ball
3-2: SINGLE (Groundball, 6MD, EV 106.2 MPH)
Batting: RHB Victor Day 0-0: Ball
1-0: Sac Bunt to 13S - play at first, batter OUT! 1-3
Lucas Elizalde to second
Batting: RHB William Adkins 0-0: Ground out 5-3 (Groundball, 56, EV 91.9 MPH)
Batting: LHB Jay Vurgun 0-0: Ball
1-0: Ball
Wild Pitch!
Lucas Elizalde to third
2-0: Foul Ball, location: 2F
2-1: Fly out, F8 (Flyball, 8RD, EV 90.0 MPH)
Bottom of the 5th over - 0 runs, 1 hit, 0 errors, 1 left on base; Fort Wayne 4 - New York 1
TOP OF THE 6TH
Fort Wayne Herons batting - Pitching for New York Comets : RHP Ron Rogers
Batting: RHB Nelson Lutsky 0-0: Called Strike
0-1: Ball
1-1: Ball
2-1: SINGLE (Groundball, 6D, EV 104.4 MPH)
Batting: RHB Mackey Tapia 0-0: Ball
1-0: Sac Bunt to 13S - play at first, batter OUT! 1-4
Nelson Lutsky to second
Batting: SHB Dave Mrkvicka 0-0: Ball
1-0: Foul Ball, location: 2F
1-1: Called Strike
1-2: Foul Ball, location: 2F
1-2: Ball
2-2: Strikes out swinging
Pitching: RHP Harrison Bowden
Batting: LHB Ethan DeBoer 0-0: Foul Ball, location: 2F
0-1: Ball
1-1: Swinging Strike
1-2: Ball
2-2: Foul Ball, location: 2F
2-2: Ground out 4-3 (Groundball, 4, EV 86.9 MPH)
Top of the 6th over - 0 runs, 1 hit, 0 errors, 1 left on base; Fort Wayne 4 - New York 1
BOTTOM OF THE 6TH
New York Comets batting - Pitching for Fort Wayne Herons : LHP Riley Geerdes
Batting: RHB Bryan Steed 0-0: SINGLE (Groundball, 13S, EV 70.0 MPH) (infield hit)
Batting: LHB Devan Clark 0-0: SINGLE (Line Drive, 89M, EV 86.9 MPH)
Bryan Steed to second
Batting: RHB Mason Douglass 0-0: Grounds into double play, 5-4-3 (Groundball, 5, EV 85.6 MPH)
Bryan Steed to third
Batting: RHB William Spence 0-0: Called Strike
0-1: Ball
1-1: Ball
2-1: SINGLE (Flyball, 6D, EV 90.6 MPH)
Bryan Steed scores
Batting: LHB Morgan Buga 0-0: Ball
1-0: Foul Ball, location: 2F
1-1: Ground out 4-3 (Groundball, 4, EV 85.0 MPH)
Bottom of the 6th over - 1 run, 3 hits, 0 errors, 1 left on base; Fort Wayne 4 - New York 2
TOP OF THE 7TH
Fort Wayne Herons batting - Pitching for New York Comets : RHP Harrison Bowden
Batting: RHB Cristian Osborne 0-0: Ball
1-0: Swinging Strike
1-1: Called Strike
1-2: Ball
2-2: Foul Ball, location: 2F
2-2: Ball
3-2: Strikes out looking
Batting: LHB Ozzie Huang 0-0: Ball
1-0: Ball
2-0: Ball
3-0: Base on Balls
Batting: SHB Neal Constantinescu 0-0: Foul Ball, location: 2F
0-1: Called Strike
0-2: Ball
1-2: Ball
2-2: Ball
3-2: Fielders Choice at 2nd, 3-6 (Groundball, 34, EV 80.6 MPH)
Batting: RHB Shawn Gunn 0-0: Ball
1-0: Fielders Choice at 2nd, 6-4 (Groundball, 6, EV 101.2 MPH)
Top of the 7th over - 0 runs, 0 hits, 0 errors, 1 left on base; Fort Wayne 4 - New York 2
BOTTOM OF THE 7TH
New York Comets batting - Pitching for Fort Wayne Herons : LHP Riley Geerdes
Now at C: Alden Lane
Batting: RHB Lucas Elizalde 0-0: Swinging Strike
0-1: Ground out 6-3 (Groundball, 6M, EV 91.2 MPH)
Batting: RHB Victor Day 0-0: Called Strike
0-1: Ball
1-1: Ball
2-1: Ball
3-1: Foul Ball, location: 2F
3-2: Base on Balls
Pitching: RHP Jackie Shulman
Batting: RHB William Adkins 0-0: Ball
1-0: Swinging Strike
1-1: Swinging Strike
1-2: Ball
2-2: Strikes out swinging
Batting: LHB Jay Vurgun 0-0: Ball
1-0: Swinging Strike
1-1: Foul Ball, location: 2F
1-2: Strikes out swinging
Bottom of the 7th over - 0 runs, 0 hits, 0 errors, 1 left on base; Fort Wayne 4 - New York 2
TOP OF THE 8TH
Fort Wayne Herons batting - Pitching for New York Comets : RHP Harrison Bowden
Batting: RHB Richard Crutchfield 0-0: Called Strike
0-1: Ground out 6-3 (Groundball, 6, EV 86.9 MPH)
Batting: RHB Nelson Lutsky 0-0: Ball
1-0: Foul Ball, location: 2F
1-1: Foul Ball, location: 2F
1-2: Ball
2-2: Strikes out looking
Batting: RHB Mackey Tapia 0-0: Ball
1-0: Foul Ball, location: 2F
1-1: SINGLE (Line Drive, 9LS, EV 85.6 MPH)
Pitching: LHP Reuben Yoshida
Batting: SHB Dave Mrkvicka 0-0: Ball
Mackey Tapia is caught stealing 2nd base 2-4
Top of the 8th over - 0 runs, 1 hit, 0 errors, 0 left on base; Fort Wayne 4 - New York 2
BOTTOM OF THE 8TH
New York Comets batting - Pitching for Fort Wayne Herons : RHP Jackie Shulman
Batting: RHB Bryan Steed 0-0: Called Strike
0-1: Swinging Strike
0-2: Ball
1-2: Strikes out swinging
Batting: LHB Devan Clark 0-0: Called Strike
0-1: Ball
1-1: Swinging Strike
1-2: Foul Ball, location: 2F
1-2: Strikes out swinging
Batting: RHB Mason Douglass 0-0: Ball
1-0: Swinging Strike
1-1: SINGLE (Line Drive, 5D, EV 105.6 MPH)
Batting: RHB William Spence 0-0: Called Strike
0-1: Ball
1-1: Swinging Strike
1-2: Ball
2-2: Strikes out swinging
Bottom of the 8th over - 0 runs, 1 hit, 0 errors, 1 left on base; Fort Wayne 4 - New York 2
TOP OF THE 9TH
Fort Wayne Herons batting - Pitching for New York Comets : LHP Reuben Yoshida
Batting: SHB Dave Mrkvicka 0-0: Ball
1-0: Ball
2-0: Ball
3-0: Called Strike
3-1: Foul Ball, location: 2F
3-2: Foul Ball, location: 2F
3-2: Ground out 6-3 (Groundball, 6, EV 100.0 MPH)
Batting: LHB Ethan DeBoer 0-0: Called Strike
0-1: Swinging Strike
0-2: Ball
1-2: Strikes out looking
Batting: RHB Cristian Osborne 0-0: Swinging Strike
0-1: Ball
1-1: Swinging Strike
1-2: Strikes out looking
Top of the 9th over - 0 runs, 0 hits, 0 errors, 0 left on base; Fort Wayne 4 - New York 2
BOTTOM OF THE 9TH
New York Comets batting - Pitching for Fort Wayne Herons : RHP Jackie Shulman
Pitching: RHP Bryce Garton
Batting: LHB Morgan Buga 0-0: Foul Ball, location: 2F
0-1: Ball
1-1: Foul Ball, location: 2F
1-2: Foul Ball, location: 2F
1-2: Ground out 6-3 (Groundball, 6, EV 79.4 MPH)
Pinch Hitting: LHB Dalton Pappalardo 0-0: Called Strike
0-1: Ball
1-1: Ball
2-1: Called Strike
2-2: Ball
3-2: SINGLE (Groundball, 34D, EV 94.4 MPH)
Batting: RHB Victor Day 0-0: Swinging Strike
0-1: Ball
1-1: Called Strike
1-2: Ball
2-2: Strikes out looking
Batting: RHB William Adkins 0-0: Ball
1-0: Ball
Pickoff Throw to First - Out! 1-3
Bottom of the 9th over - 0 runs, 1 hit, 0 errors, 0 left on base; Fort Wayne 4 - New York 2
Thursday, March 21st , 2024 - OOTP Baseball 23.10 Build 110